 Dungeon Crawl Stone Soup version 0.29-a0-582-ge82337ba6a (webtiles) character file.

Game seed: 14489042789357605384

150 zeratav the Cutter (level 5, -2/30 HPs)
             Began as a Kobold Gladiator on June 14, 2022.
             Killed from afar by an orc wizard (6 damage)
             ... with a puff of flame
             ... on level 3 of the Dungeon.
             The game lasted 00:04:19 (3254 turns).

zeratav the Cutter (Kobold Gladiator)               Turns: 3254, Time: 00:04:20

Health: -2/30      AC:  6    Str: 11    XL:     5   Next: 58%
Magic:  5/5        EV: 19    Int: 10    God:
Gold:   92         SH:  0    Dex: 18    Spells: 4/4 levels left

rFire   . . .      SeeInvis .   g - +0 dagger (speed) {short}
rCold   . . .      Faith    .   (no shield)
rNeg    . . .      Spirit   .   b - +0 leather armour
rPois   .          Reflect  .   c - +0 helmet
rElec   .          Harm     .   (no cloak)
rCorr   +          Rampage  .   n - +0 pair of gloves
Will    .....                   m - +0 pair of boots
Stlth   ++++......              (no amulet)
HPRegen 0.10/turn               l - +4 ring of evasion
MPRegen 0.09/turn               o - ring of resist corrosion

@: no status effects
A: small, no large weapons, nightstalker 3
a: no special abilities


You were on level 3 of the Dungeon.
You visited 1 branch of the dungeon, and saw 3 of its levels.

You collected 92 gold pieces.


Innate Abilities, Weirdness & Mutations

You are small and have problems with some larger weapons.
You are completely attuned to the shadows.


   Skills:
 - Level 2.1 Fighting
 + Level 6.6 Short Blades
 - Level 2.1 Throwing
 - Level 3.6 Dodging
 + Level 4.0 Stealth


You had 4 spell levels left.
You didn't know any spells.
Your spell library was empty.

Inventory:

Hand Weapons
 a - a +0 rapier {short}
 g - a +0 dagger of speed (weapon) {short}
   (You took it off a goblin on level 1 of the Dungeon)
 A - a +2 short sword of draining {short}
   (You took it off an orc on level 2 of the Dungeon)
Missiles
 d - a throwing net (quivered) {=fthrowing}
 e - 10 boomerangs {throwing}
Armour
 b - a +0 leather armour (worn)
 c - a +0 helmet (worn)
 m - a +0 pair of boots (worn)
   (You found it on level 1 of the Dungeon)
 n - a +0 pair of gloves (worn)
   (You found it on level 1 of the Dungeon)
 y - a +0 cloak
   (You took it off Crazy Yiuf on level 2 of the Dungeon)
 z - a +0 leather armour
   (You took it off a kobold on level 3 of the Dungeon)
Jewellery
 l - a +4 ring of evasion (left hand)
   (You found it on level 1 of the Dungeon)
 o - a ring of resist corrosion (right hand)
   (You found it on level 1 of the Dungeon)
 w - a ring of positive energy
   (You found it on level 2 of the Dungeon)
Wands
 r - a wand of paralysis (10)
   (You found it on level 2 of the Dungeon)
Scrolls
 h - 2 scrolls of immolation {!r!r}
 i - 3 scrolls of enchant weapon {unknown}
 j - 8 scrolls of identify {unknown}
 k - a scroll of teleportation {unknown}
 p - a scroll of poison {unknown}
 q - a scroll of fear {unknown}
 s - a scroll of noise {unknown}
 t - a scroll of amnesia {unknown}
 v - a scroll of fog {unknown}
Potions
 f - 3 potions of curing {unknown}
 u - a potion of might {unknown}
 x - 2 potions of lignification {unknown}

Dungeon Overview and Level Annotations

Branches:
Dungeon (3/15)

Altars:

Shops:
D:2

[(* . #..######.#
# ##.# #.#
###>######.######
#................
..
#.########.######
#. #.# . #.#....#
#. #.# ..
#.#.##.#
###'###.#.##
#.#.....
......@.....
#.####.#
...o{oo##.##
......#
....Bg..#.#
.....## ........#
# .....<.
........# ..#####
........# .
..(....#


You could see an orc priest, 2 orcs, a giant cockroach and a goblin.


Message History

No target in view!
No target in view!
No target in view!
No target in view!
You open the door.
There is an open door here.
Found a stone staircase leading down.
There is a stone staircase leading down here.
An orc wizard comes into view. It is wielding a +0 dagger.
An orc and an orc priest come into view.
The orc moves out of view.
Throw: 3 throwing nets {=fthrowing}
Press: ? - help, Q - select action, (/) - cycle Shift-Dir - straight line, f - orc wizard
Aim: an orc wizard, wielding a +0 dagger and wearing a +0 robe (wandering, hasn't noticed you, 56% to hit)
You throw a throwing net {=fthrowing}.
The throwing net {=fthrowing} completely misses the orc wizard.
The orc priest shouts!
You hear a shout! x2
A goblin comes into view. It is wielding a +0 club.
Throw: 2 throwing nets {=fthrowing}
Press: ? - help, Q - select action, (/) - cycle Shift-Dir - straight line, f/p - orc wizard
Aim: an orc wizard, wielding a +0 dagger and wearing a +0 robe (56% to hit)
You throw a throwing net {=fthrowing}.
The throwing net {=fthrowing} hits the orc wizard.
The orc wizard is caught in the net!
The orc wizard struggles against the net.
You hit the orc wizard but do no damage.
You hit the orc wizard.
An orc comes into view. It is wielding a +0 hand axe.
The orc wizard gestures wildly while chanting.
The orc wizard flickers and vanishes!
Deactivating autopickup; reactivate with Ctrl-A.
Something wriggles in the net.
The orc priest hits you with a +0 mace.
HP[-4]
You take 4 damage, and now have 26/30 hp.
You hit something but do no damage. You barely miss the orc priest.
The orc priest misses you.
You barely miss the orc priest. You hit the orc priest.
Something wriggles in the net.
The orc priest completely misses you. The goblin completely misses you.
You hit the orc priest. You closely miss the orc priest.
Something wriggles in the net.
The goblin closely misses you. The orc priest completely misses you.
You barely miss the orc priest.
You hit the orc priest but do no damage.
You hit the orc priest.
Something wriggles in the net.
The goblin misses you. The orc priest misses you.
You closely miss the orc priest.
You punch the orc priest, but do no damage.
You hit the orc priest but do no damage.
The orc hits you with a +0 hand axe.
Something wriggles in the net.
All of a sudden the net rips apart!
The goblin hits you with a +0 club. The orc closely misses you.
The orc priest completely misses you.
HP[-4]
You take 4 damage, and now have 22/30 hp.
You closely miss the orc priest.
A giant cockroach comes into view.
You hit the orc priest but do no damage.
The orc barely misses you. Something hits you but does no damage.
The goblin closely misses you. The orc completely misses you.
The orc priest hits you with a +0 mace.
HP[-6]
You take 6 damage, and now have 16/30 hp.
You closely miss the orc priest.
You hit the orc priest but do no damage.
The orc misses you.
You hear some strange, mumbled words.
You are confused.
The goblin barely misses you. The orc barely misses you.
The orc priest closely misses you.
You hit the orc.
HP[+1]
Something hits you. The orc attacks as you move away!
The orc closely misses you. The goblin closely misses you.
HP[-1]
You take 1 damage, and now have 16/30 hp.
You're too confused to move!
The orc hits you with a +0 hand axe.
* * * LOW HITPOINT WARNING * * *
Something hits you but does no damage. The goblin hits you but does no damage.
The orc priest misses you.
HP[-2]
You take 2 damage, and now have 14/30 hp.
Something hits you but does no damage. The orc barely misses you.
You hit the orc. The orc closely misses you. Something closely misses you.
The orc priest completely misses you.
You feel less confused. The orc hits you but does no damage.
Something barely misses you. The orc closely misses you.
The orc priest calls down the wrath of Beogh upon you.
Beogh smites you!
* * * LOW HITPOINT WARNING * * *
HP[-10]
You take 10 damage, and now have 4/30 hp.
MASSIVE DAMAGE!! (PAUSE)
The orc closely misses you.
You hear some strange, mumbled words.
A puff of flame appears from out of thin air!
The puff of flame hits you.
You die...

Skill      XL: |  1  2  3  4  5 |
---------------+----------------+-----
Short Blades   | 5 6 |  6.6
Stealth        | 2 3 4 |  4.0
Fighting       | |  2.1
Throwing       | |  2.1
Dodging        | |  3.6

Action                   |  1- 3 |  4- 6 || total
-------------------------+-------+-------++-------
Melee: Rapier            |    17 |       ||    17
       Dagger            |   108 |   160 ||   268
       Punch             |     1 |     1 ||     2
Throw: Throwing net      |       |     7 ||     7
 Stab: Sleeping          |    14 |     7 ||    21
       Held in net/web   |       |     2 ||     2
Armor: Leather armour    |    16 |    10 ||    26
Dodge: Dodged            |    51 |    69 ||   120

Levels and vault maps discovered:
D:1:      minmay_arrival_up_and_down, layout_loops_cross,
          hellmonk_ecumenical_altar_blasted
D:2:      layout_basic, serial_shops, shop, nicolae_shop_statue_plus,
          nicolae_shop_bloodbath_and_beyond, uniq_crazy_yiuf_cottage
D:3:      layout_basic, evilmike_ruin_ashenzari

Notes
Turn   | Place    | Note
-------+----------+-------------------------------------------
     0 | D:1      | zeratav the Kobold Gladiator began the quest for the Orb.
     0 | D:1      | Reached XP level 1. HP: 12/12 MP: 1/1
     0 | D:1      | magus.rc [v1.9.6]
   159 | D:1      | Found a faded altar of an unknown god.
   167 | D:1      | Reached XP level 2. HP: 17/17 MP: 2/2
   461 | D:1      | Reached skill level 5 in Short Blades
   796 | D:1      | Reached XP level 3. HP: 20/21 MP: 3/3
   926 | D:1      | Reached skill level 1 in Stealth
  1400 | D:2      | Found a runed translucent door.
  1403 | D:2      | Noticed Crazy Yiuf
  1544 | D:2      | Reached skill level 2 in Stealth
  1544 | D:2      | Reached XP level 4. HP: 26/26 MP: 4/4
  1665 | D:2      | Found Noirhaal's General Store.
  1777 | D:2      | Found Suarini's Weapon Shop.
  1803 | D:2      | Reached skill level 6 in Short Blades
  1818 | D:2      | Reached skill level 3 in Stealth
  1841 | D:2      | HP: 5/26 [orc/+0 hand axe (4)]
  1846 | D:2      | HP: 2/26 [orc/+0 hand axe (3)]
  2184 | D:2      | Found Ybbava Mudwa's Antique Armour Emporium.
  2284 | D:2      | Reached XP level 5. HP: 30/30 MP: 5/5
  2551 | D:2      | Killed Crazy Yiuf
  3118 | D:3      | Reached skill level 4 in Stealth
  3253 | D:3      | HP: 4/30 [orc priest/divine providence (10)]
  3254 | D:3      | Killed from afar by an orc wizard

Vanquished Creatures
  Crazy Yiuf (D:2)
  An orc wizard (D:2)
  2 adders
  3 worms
  A dart slug (D:1)
  4 orcs (D:2)
  6 ball pythons
  11 endoplasms
  A giant cockroach (D:1)
  5 goblins
  4 hobgoblins
  4 jackals (D:1)
  4 quokkas
  A frilled lizard (D:1)
  6 kobolds
  7 rats
61 creatures vanquished.

Table legend:
 A = Non-vault XP
 B = Vault XP
 C = Vault XP percentage of total XP
 D = Non-vault monster count
 E = Vault monster count
 F = Vault count percentage of total count
                 A         B        C        D         E       F
            +---------+---------+-------+---------+---------+-------
      Total |     176 |      39 |  18.1 |      60 |       1 |   1.6
            +---------+---------+-------+---------+---------+-------
        D:1 |      55 |       0 |   0.0 |      31 |       0 |   0.0
        D:2 |      94 |      39 |  29.3 |      22 |       1 |   4.3
        D:3 |      27 |       0 |   0.0 |       7 |       0 |   0.0
            +---------+---------+-------+---------+---------+-------

Illustrated notes

Table legend:
 A = Kills in this place as a percentage of kills in entire the game.
 B = Kills by you in this place as a percentage of kills by you in the entire game.
 C = Kills by friends in this place as a percentage of kills by friends in the entire game.
 D = Other kills in this place as a percentage of other kills in the entire game.
 E = Experience gained in this place as a percentage of experience gained in the entire game.
 F = Experience gained in this place divided by the number of levels of this place that you have seen.
                   A       B       C       D       E      F
               +-------+-------+-------+-------+-------+----------------------
         Total | 100.0 | 100.0 |   N/A |   N/A | 100.0 |  71.7
       Dungeon | 100.0 | 100.0 |   N/A |   N/A | 100.0 |  71.7
               +-------+-------+-------+-------+-------+----------------------

Table legend: (Time is in decaauts)
 A = Elapsed time spent in this place.
 B = Non-inter-level travel time spent in this place.
 C = Inter-level travel time spent in this place.
 D = Time resting spent in this place.
 E = Time spent auto-exploring this place.
 F = Levels seen in this place.
 G = Mean time per level.
                   A        B        C        D        E       F      G
               +--------+--------+--------+--------+--------+-----+--------+
         Total |   3109 |   3007 |    102 |    487 |   2110 |   3 | 1036.3 |
       Dungeon |   3109 |   3007 |    102 |    487 |   2110 |   3 | 1036.3 |
               +--------+--------+--------+--------+--------+-----+--------+

Top non-repeatable levels by time:
     D:1: 1253 daAuts
     D:2: 1246 daAuts
     D:3: 609 daAuts
